 Dungeon Crawl Stone Soup version 0.22-a0-772-gac08f70 (webtiles) character file.

182 Mamutox the Skirmisher (level 5, -5/57 HPs)
             Began as an Ogre Chaos Knight on July 17, 2018.
             Killed from afar by an orc wizard (8 damage)
             ... with a magic dart
             ... on level 4 of the Dungeon.
             The game lasted 00:06:11 (2541 turns).

Mamutox the Skirmisher (Ogre Chaos Knight)          Turns: 2541, Time: 00:06:12

Health: -5/57      AC:  6    Str: 16    XL:     5   Next: 61%
Magic:  5/5        EV: 15    Int: 13    God:    Xom [.*....]
Gold:   73         SH:  0    Dex:  9    Spells: 4/4 levels left

rFire    . . .     SeeInvis .   a - +0 hand axe (chaos)
rCold    . . .     Gourm    .   (no shield)
rNeg     . . .     Faith    .   b - +2 robe
rPois    .         Spirit   .   (helmet restricted)
rElec    .         Reflect  .   y - +0 cloak
rCorr    .         Harm     .   (gloves unavailable)
MR       .....                  (boots unavailable)
Stlth    +.........             (no amulet)
HPRegen  0.19/turn              o - +5 ring of evasion (curse)
MPRegen  0.09/turn              h - ring of wizardry

@: confused
A: large, unfitting armour, tough skin 1
a: Renounce Religion


You were on level 4 of the Dungeon.
You worshipped Xom.
You were a plaything of Xom.
You were very hungry.

You visited 1 branch of the dungeon, and saw 4 of its levels.

You collected 73 gold pieces.

Inventory:

Hand Weapons
 a - a +0 hand axe of chaos (weapon)
 w - a +0 war axe
Missiles
 r - 7 poisoned needles
Armour
 b - a +2 robe (worn)
 y - a +0 cloak (worn)
Jewellery
 e - an uncursed ring of flight
 h - a ring of wizardry (right hand)
 o - a cursed +5 ring of evasion (left hand)
Scrolls
 d - 5 scrolls of remove curse {unknown}
 f - a scroll of teleportation {unknown}
 g - a scroll of immolation {unknown}
 i - a scroll of enchant weapon {unknown}
 k - a scroll of magic mapping {unknown}
 l - a scroll of blinking {unknown}
 m - a scroll of enchant armour {unknown}
 q - a scroll of random uselessness {unknown}
 s - a scroll of identify {unknown}
 x - a scroll of amnesia {unknown}
Potions
 j - a potion of invisibility {unknown}
 n - 4 potions of curing {unknown}
 p - a potion of berserk rage {unknown}
 t - 2 potions of lignification {unknown}
 u - a potion of flight {unknown}
Comestibles
 c - 5 rations


   Skills:
 + Level 5.1 Fighting
 + Level 4.8 Axes
 + Level 3.0 Dodging
 + Level 0.9 Stealth


You had 4 spell levels left.
You didn't know any spells.
Your spell library contained the following spells:

 Spells                   Type           Power        Failure   Level  Hunger
 Magic Dart               Conj           #...         12%         1    ##.....
 Conjure Flame            Conj/Fire      #.......     34%         3    ####...
 Slow                     Hex            #.......     19%         2    ###....
 Mephitic Cloud           Conj/Pois/Air  #.......     34%         3    ####...
 Blink                    Tloc           N/A          19%         2    ###....
 Call Imp                 Summ           #.......     19%         2    ###....


Dungeon Overview and Level Annotations

Branches:
Dungeon (4/15)
 Temple: D:4-7

Altars:
Fedhas
Xom

Annotations:
D:4 Natasha


Innate Abilities, Weirdness & Mutations

You are too large for most types of armour.
You have tough skin. (AC +1)


Message History

You hit the adder skeleton.
The adder skeleton convulses.
The orc wizard gestures at you while chanting.
You are confused.
The adder skeleton closely misses you.
The orc wizard hits you but does no damage.
You bump into the rock wall.
The adder skeleton closely misses you. The adder skeleton misses you.
The orc wizard gestures wildly while chanting.
The orc wizard flickers and vanishes!
Deactivating autopickup; reactivate with Ctrl-A.
Okay, then.
You're too confused!
You completely miss something. You barely miss the adder skeleton.
The adder skeleton closely misses you. Something hits you but does no damage.
You bump into the rock wall.
The adder skeleton bites you but does no damage.
You hear some strange, mumbled words.
A magic dart appears from out of thin air!
The magic dart hits you!
You die...

.. ##.....# #........... #.# .
#.#.##.... #.# ... #.#.##..# #>#
... ####.#.#..h# ##.### ####.#
..#.......## #.... ##....#.
........#.# #..#####.....#.
#.......# ######..............
#.......####.{@Z......(........
....#..........####..####........
.## #..#..#..### #..# ##.......
#.....#..... ....# #.......#
#...#.#..###.....# #.......#
#....#...## #...######_......#
#.#..#...# #.................#
...#..##.%..............#....##
#...#.#......# ........###.##


You could see an adder skeleton.

Vanquished Creatures
  An orc wizard (D:4)
  A hound (D:4)
  A worker ant (D:4)
  2 adders
  2 oozes
  4 worms
  A dart slug (D:2)
  2 leopard geckos
  An orc (D:4)
  5 bats
  3 giant cockroaches
  5 goblins
  11 hobgoblins
  6 jackals
  2 kobolds (D:3)
  2 quokkas
  2 frilled lizards
  13 rats
64 creatures vanquished.

Notes
Turn   | Place    | Note
-------+----------+-------------------------------------------
     0 | D:1      | Mamutox the Ogre Chaos Knight began the quest for the Orb.
     0 | D:1      | Reached XP level 1. HP: 24/24 MP: 1/1
    30 | D:1      | You fall through a shaft!
    46 | D:2      | Reached XP level 2. HP: 23/32 MP: 2/2
    52 | D:2      | XOM: divination: magic mapping
   538 | D:1      | Reached XP level 3. HP: 39/40 MP: 3/3
   539 | D:1      | XOM: harmless Hex miscast
   726 | D:1      | XOM: divination: magic mapping
   805 | D:1      | You fall through a shaft!
   875 | D:2      | XOM: silly message
  1606 | D:2      | XOM: harmless Necr miscast
  1627 | D:2      | XOM: silly message
  1809 | D:3      | Reached XP level 4. HP: 34/49 MP: 4/4
  1969 | D:3      | XOM: mild Chrm miscast
  2065 | D:3      | Found a blossoming altar of Fedhas.
  2272 | D:4      | Noticed Natasha
  2281 | D:4      | Reached XP level 5. HP: 34/55 MP: 5/5
  2439 | D:4      | XOM: scenery: create altars
  2484 | D:4      | XOM: enchant monster (good)
  2487 | D:4      | XOM: confusion
  2509 | D:4      | Reached skill level 5 in Fighting
  2535 | D:4      | HP: 2/57 [orc wizard/puff of flame (11)]
  2541 | D:4      | Killed from afar by an orc wizard

Vault maps used:
D:1:      evilmike_arrival_crescent
D:3:      overflow_temple_1_default, first_ration
D:4:      kennysheep_mini_moat, overflow_temple_1_default,
          nicolae_gozag_cash_rules_everything_around_me, uniq_natasha

Skill      XL: |  1  2  3  4  5 |
---------------+----------------+-----
Axes           | 4 |  4.8
Fighting       | 5 |  5.1
Dodging        | 3 |  3.0
Stealth        | |  0.9

Action                   |  1- 3 |  4- 6 || total
-------------------------+-------+-------++-------
Melee: Hand axe          |   126 |    90 ||   216
 Stab: Petrified         |     3 |       ||     3
       Sleeping          |     2 |       ||     2
       Confused          |     1 |       ||     1
  Eat: Chunk             |     2 |     2 ||     4
Armor: Robe              |    38 |    28 ||    66
Dodge: Dodged            |    61 |    78 ||   139

Table legend:
 A = Spawn XP
 B = Non-spawn XP
 C = Spawn XP percentage of total XP
 D = Spawn monster count
 E = Non-spawn monster count
 F = Spawn count percentage of total count
 G = Total turns spent on level
                    A         B        C        D         E        F      G
               +---------+---------+-------+---------+---------+-------+---------
         Total |       0 |     260 |   0.0 |       0 |      64 |   0.0 |  2541
               +---------+---------+-------+---------+---------+-------+---------
           D:1 |       0 |      30 |   0.0 |       0 |      17 |   0.0 |   696
           D:2 |       0 |      39 |   0.0 |       0 |      17 |   0.0 |  1067
           D:3 |       0 |      53 |   0.0 |       0 |      18 |   0.0 |   509
           D:4 |       0 |     138 |   0.0 |       0 |      12 |   0.0 |   269
               +---------+---------+-------+---------+---------+-------+---------
